 Dungeon Crawl Stone Soup version 0.17-a0-1572-g7a1422d (console) character file.

679123 FIQ the Merfolkian Porcupine (level 27, 0/238 HPs)
             Began as a Merfolk Wanderer on July 26, 2015.
             Was a High Priest of Okawaru.
             Killed by divine providence
             ... invoked by a daeva
              (16 damage)
             ... on level 9 of the Dungeon on July 27, 2015.
             The game lasted 07:14:34 (76663 turns).

FIQ the Merfolkian Porcupine (Merfolk Wanderer)    Turns: 76663, Time: 07:14:34

Health: 0/238      AC: 39    Str: 26    XL:     27
Magic:  38/38      EV: 30    Int: 17    God:    Okawaru [*****.]
Gold:   6544       SH:  0    Dex: 32    Spells: 3 memorised, 17 levels left

rFire  + + +     SeeInvis +     B - +7 bardiche {drain, MR++ Int+3 Dex-2}
rCold  + . .     Clarity  +     Q - +0 gold dragon armour
rNeg   + . .     SustAt   .     (no shield)
rPois  +         Gourm    .     o - +0 helmet of the Bulwark {rElec rN+ Int+2 Dex+4}
rElec  +         Spirit   .     C - +2 cloak {+Inv}
rCorr  .         Warding  .     f - +2 pair of fencer's gloves {LBl+4 SBl+4 EV+3 Dex+6}
rMut   +         Stasis   .     P - +2 pair of boots {run}
MR     ++++.                    w - amulet of Xathegaa {rMut Str+7}
Stlth  ..........               M - ring "Ponkon" {+Fly Str+3 Int+3 Dex+3 SInv}
                                (no ring)

@: heroism, frozen, hasted, very quick, incredibly resistant to hostile
enchantments, extremely unstealthy
A: change form in water, swift swim, blink 1, breathe flames 1, clarity, clumsy
2, fire resistance 2, slow healing 1, wild magic 1
a: Blink, Heroism, Finesse, Renounce Religion, Breathe Fire, Evoke Invisibility,
Evoke Flight
0: Orb of Zot
}: 3/15 runes: decaying, serpentine, silver


You were on level 9 of the Dungeon.
You worshipped Okawaru.
Okawaru was extremely pleased with you.
You were not hungry.

You visited 11 branches of the dungeon, and saw 57 of its levels.
You visited the Abyss 1 time.
You also visited: Ice Cave and Wizlab.

You collected 10157 gold pieces.
You spent 3603 gold pieces at shops.

Inventory:

Hand weapons
 a - the +9 glaive of Okawaru's Supremacy {freeze, +Fly rN+ MP+9 Str+4}
   (Okawaru gifted it to you on level 9 of the Dungeon)

   It has been specially enchanted to freeze those struck by it, causing extra
   injury to most foes and up to half again as much damage against particularly
   susceptible opponents.
   It can also slow down cold-blooded creatures.
   It affects your strength (+4).
   It protects you from negative energy.
   It affects your magic capacity (+9).
   It lets you fly.
 B - the +7 bardiche of Deformation (weapon) {drain, MR++ Int+3 Dex-2}
   (Okawaru gifted it to you on level 2 of the Depths)

   A truly terrible weapon, it drains the life of those it strikes.
   It affects your intelligence (+3).
   It affects your dexterity (-2).
   It affects your resistance to hostile enchantments.
 J - the +4 bardiche of Hatred {drain, MR+ Int+7}
   (Okawaru gifted it to you on level 5 of the Lair of Beasts)

   A truly terrible weapon, it drains the life of those it strikes.
   It affects your intelligence (+7).
   It affects your resistance to hostile enchantments.
Armour
 f - the +2 pair of fencer's gloves (worn) {LBl+4 SBl+4 EV+3 Dex+6}
   (You found it on level 3 of the Crypt)

   It affects your evasion (+3).
   It affects your dexterity (+6).
 o - the +0 helmet of the Bulwark (worn) {rElec rN+ Int+2 Dex+4}
   (You bought it in a shop on level 4 of the Orcish Mines)

   It affects your intelligence (+2).
   It affects your dexterity (+4).
   It insulates you from electricity.
   It protects you from negative energy.
 C - a +2 cloak of invisibility (worn)
 P - a +2 pair of boots of running (worn)
 Q - a +0 gold dragon armour (worn)
Jewellery
 d - the ring of Toef Mic {rF+ Int+3 Stlth-}
   (You found it on level 3 of the Crypt)

   [ring of loudness]

   It affects your intelligence (+3).
   It protects you from fire.
   It makes you less stealthy.
 p - the ring "Irao" {-Tele rC+ Dex+8}
   (You found it on level 5 of the Vaults)

   [ring of protection from cold]

   It affects your dexterity (+8).
   It protects you from cold.
   It prevents most forms of teleportation.
 w - the amulet of Xathegaa (around neck) {rMut Str+7}
   (You bought it in a shop on level 5 of the Vaults)

   [amulet of resist mutation]

   It protects you from mutation.
   It affects your strength (+7).
 D - the ring of Xom's Best Wishes {rElec rN+ Dex+7 SInv}
   (You found it on level 3 of the Crypt)

   [ring of positive energy]

   It affects your dexterity (+7).
   It insulates you from electricity.
   It protects you from negative energy.
   It lets you see invisible.
 I - the ring "Kets" {rN+ Str+4}
   (You found it on level 3 of the Crypt)

   [ring of positive energy]

   It affects your strength (+4).
   It protects you from negative energy.
 M - the ring "Ponkon" (right hand) {+Fly Str+3 Int+3 Dex+3 SInv}
   (You took it off a rakshasa on level 3 of the Depths)

   [ring of strength]

   It affects your strength (+3).
   It affects your intelligence (+3).
   It affects your dexterity (+3).
   It lets you see invisible.
   It lets you fly.
 Z - the ring of the Spirits {+Fly rPois rF- rN+ Dex+5}
   (You found it on level 3 of the Crypt)

   [ring of positive energy]

   It affects your dexterity (+5).
   It makes you vulnerable to fire.
   It protects you from poison.
   It protects you from negative energy.
   It lets you fly.
Magical devices
 h - a wand of hasting (3)
 K - a wand of teleportation (2)
 S - a wand of digging (13)
Scrolls
 b - 13 scrolls of identify
 j - a scroll of summoning
 n - 27 scrolls of remove curse
 s - 6 scrolls of silence
 v - 5 scrolls of blinking
 x - 5 scrolls of holy word
 y - 9 scrolls of magic mapping
 A - 5 scrolls of enchant weapon
 N - 5 scrolls of fog
 R - 3 scrolls of fear
 U - 2 scrolls of teleportation
 V - 8 scrolls of recharging
Potions
 l - 10 potions of agility
 r - 7 potions of invisibility
 t - a potion of berserk rage
 E - 3 potions of cancellation
 F - 5 potions of might
 H - a potion of cure mutation
 L - 8 potions of magic
 O - 3 potions of resistance
 W - 6 potions of brilliance
 X - 13 potions of flight
 Y - 10 potions of curing
Miscellaneous
 e - a disc of storms
 g - a phial of floods
 q - a lamp of fire
 T - a lantern of shadows
Comestibles
 m - 21 fruits
 z - 28 bread rations
 G - 25 meat rations


   Skills:
 + Level 24.0(27) Fighting
   Level 1.2(10.2) Short Blades
 O Level 27 Polearms
 - Level 1.0(6.0) Throwing
 * Level 19.1(24.1) Armour
 - Level 17.6(22.6) Dodging
 - Level 1.1(6.1) Stealth
 + Level 21.3 Ice Magic
 + Level 22.4 Invocations
 + Level 16.0 Evocations


You had 17 spell levels left.
You knew the following spells:

 Your Spells              Type           Power        Failure   Level  Hunger
a - Condensation Shield   Ice            #######...   2%          4    #####..
b - Ozocubu's Armour      Chrm/Ice       ######..     19%         3    ####...
c - Repel Missiles        Chrm/Air       #.....       100%        2    ###....


Dungeon Overview and Level Annotations

Branches:
Dungeon (15/15)            Temple (1/1) D:4            Lair (8/8) D:8
  Swamp (4/4) Lair:5        Snake (4/4) Lair:3        Slime (0/6) Lair:6
    Orc (4/4) D:9             Elf (3/3) Orc:4        Vaults (5/5) D:13
  Crypt (3/3) Vaults:2       Tomb (0/3) Crypt:3      Depths (5/5) D:15
    Zot (5/5) Depths:5

Altars:
Ashenzari
Cheibriados
Dithmenos
Elyvilon
Fedhas
Gozag
Kikubaaqudgha
Makhleb
Nemelex Xobeh
Okawaru
Qazlal
Ru
Sif Muna
Trog
Vehumet
Xom
Yredelemnul
Zin
The Shining One
Beogh
Jiyva

Shops:
D:4 *   Orc:3 (*!   Orc:4 [(%(   Snake:3 %   Vaults:1 :   Vaults:4 *
Vaults:5 =   Depths:2 *

Portals:
Hell: Depths:1 Depths:2 Depths:3 Depths:4 Depths:5
Abyss: Depths:1 Depths:4
Pandemonium: Depths:2 Depths:3
Ziggurat: Depths:5

Annotations:
Lair:2 exclusion: oklob plant
Lair:5 exclusion: oklob plant


Innate Abilities, Weirdness & Mutations

You revert to your normal form in water.
You are very nimble and swift while swimming.
You can translocate small distances at will.
You can breathe flames.
You possess an exceptional clarity of mind.
You are very clumsy. (Dex -4)
Your flesh is very heat resistant.
You heal slowly when monsters are visible.
Your spells are a little harder to cast, but a little more powerful.


Message History

Dikifank hits you but does no damage.
You hear a shout! x2
Something rumbles, "Kneel, thou peeagling full-gorged wagtail!"
Drink which item? (? for menu, Esc to quit)
You feel much better.
You are engulfed in freezing vapours.
You resist.
* * * LOW HITPOINT WARNING * * *
You hear a grinding noise.
The daeva calls down the wrath of the Shining One upon you.
Something smites you!
* * * LOW HITPOINT WARNING * * *
Dikifank hits you.
* * * LOW HITPOINT WARNING * * *
The putrid demonspawn is engulfed in freezing vapours.
Drink which item? (? for menu, Esc to quit)
You feel yourself speed up.
You are engulfed in freezing vapours.
You resist.
Dikifank points at you and mumbles some strange words.
The bolt of acid misses you.
The daeva calls down the wrath of the Shining One upon you.
Something smites you!
You die...

#.# #################.#######
#..........)............#
####.......######.#####.#
#.......# #.# #.#
#####.......######.#####.########
...................§§§...........
>.......#..#.#####§§§§...........
...###.....#.#####§§#§..[#####.##
.#.###.#.......§§§§§6§.A....##.#
...........#..#§@§§§§§...#####6##
.#...[.##..#..#&##..#.#2.........
.......####....4#####.#....###.##
##.#####.....8.....##)#......#.##
##.# #.#...........##[#.....2....
...###........4....(...........##
........8....>....8..........#.#
##.###...................#...#..
#.###.#...........#...###...#..#
#.#...#.....8.....#...###.# ..##
#.....####.....####.......# ..#


You could see Dikifank, a daeva, a cacodemon, a putrid demonspawn, a sixfirhy
and a blue devil.

Vanquished Creatures
  5 ancient liches
  7 orbs of fire
  Sojobo (Crypt:2)
  Boris (Vaults:2)
  Frederick (Crypt:1)
  Saint Roka (Vaults:3)
  A caustic shrike (Depths:4)
  A curse toe (Zot:4)
  2 pandemonium lords
  8 Killer Klowns
  Nikola (Snake:2)
  12 golden dragons
  Jory (Vaults:2)
  3 bone dragons
  4 liches
  The ghost of Fv001 the Hoplite, a great GrFi of the Shining One (Vaults:2)
  4 electric golems
  A Cloud Mage (WizLab)
  Rupert (Orc:2)
  3 hellephants (Zot:3)
  22 tentacled monstrosities
  Asterion (Snake:1)
  A quicksilver dragon (Vaults:4)
  27 Orb Guardians
  2 deep elf blademasters (Elf:3)
  3 titans
  2 deep elf master archers (Elf:3)
  5 sphinxes
  An eldritch tentacle (D:12)
  An octopode crusher (Depths:1)
  2 tentacled starspawn (Abyss:1)
  3 ancient champions
  A thorn hunter (Swamp:2)
  15 shadow dragons
  Frances (D:14)
  Kirke (Snake:1)
  9 tengu reavers
  3 draconian monks
  3 revenants
  4 greater nagas (Snake:4)
  9 storm dragons
  A fire giant (shapeshifter) (Vaults:5)
  Donald (Elf:2)
  3 draconian knights (Zot:3)
  9 frost giants
  A cacodemon (D:15)
  2 iron dragons (Depths:4)
  3 draconian scorchers
  Aizul (Snake:1)
  Louise (Elf:1)
  10 fire giants
  2 ghost moths (Zot:5)
  15 vault wardens
  12 deep elf sorcerers
  2 curse skulls (Crypt:3)
  2 reapers
  3 ghouls
  16 ironheart preservers
  5 draconian zealots
  A war gargoyle (Vaults:5)
  22 very ugly things
  29 stone giants
  2 draconian annihilators (Zot:5)
  3 spriggan defenders
  5 green draconians
  A draconian caller (Zot:5)
  Nessos (Lair:8)
  2 black draconians
  5 vampire knights
  12 deep elf demonologists
  A salamander stormcaller (Vaults:3)
  A lorocyproca (Zot:1)
  A red draconian (Zot:2)
  7 white draconians
  A dire elephant (Zot:3)
  5 purple draconians
  4 yellow draconians
  10 deep elf annihilators
  2 blizzard demons
  5 mottled draconians
  13 eidola
  A mummy priest (Crypt:3)
  Snorg (Lair:7)
  2 green deaths
  40 vault guards
  12 deep elf death magi
  A merfolk impaler (Depths:2)
  7 jiangshi
  3 quicksilver dragon zombies
  19 ettins
  6 deep elf high priests
  Josephine (D:11)
  16 fire dragons
  4 entropy weavers
  20 yaktaur captains
  A spriggan air mage (Depths:2)
  A minotaur (shapeshifter) (Vaults:3)
  13 ice dragons
  4 death cobs
  7 great orbs of eyes
  2 hell beasts
  6 ogre magi
  15 naga warriors
  5 rakshasas
  A catoblepas (Lair:5)
  3 ghost crabs
  19 hydras
  Erolcha (D:9)
  An anaconda (shapeshifter) (Depths:1)
  Erica (D:9)
  11 anacondas
  16 dancing weapons (Elf:2)
  5 death knights
  10 centaur warriors
  7 deep troll earth magi
  7 alligators
  The ghost of Darkell the Spear-Bearer, an experienced MfBe of Trog (D:9)
  A thrashing horror (Abyss:1)
  8 deep troll shamans
  A titan zombie (Crypt:3)
  15 naga sharpshooters
  3 spriggan berserkers
  Urug (Lair:1)
  17 hell knights
  4 tengu warriors
  4 vampire magi
  6 shock serpents
  9 orc high priests
  2 storm dragon zombies (Crypt:3)
  2 ice devils
  9 soul eaters
  A fire crab (shapeshifter) (Depths:3)
  A titan skeleton (Crypt:3)
  A wretched star (Abyss:1)
  A death drake (shapeshifter) (Depths:2)
  2 salamander mystics
  22 skeletal warriors
  3 sea snakes (Snake:4)
  10 large abominations
  4 iron trolls
  A fire crab (Vaults:2)
  3 shadow wraiths
  19 deep elf knights
  2 giant orange brains
  8 unseen horrors
  2 spriggan druids (Swamp:4)
  A storm dragon skeleton (Crypt:3)
  5 wizards
  7 deep elf summoners
  12 naga ritualists
  An ice statue (IceCv)
  27 deep trolls
  2 shambling mangroves
  6 flayed ghosts
  12 swamp dragons
  An obsidian statue (Vaults:1)
  Pikel (D:5)
  A golden dragon skeleton (Crypt:3)
  3 shadow dragon zombies
  2 putrid demonspawn (D:15)
  An anaconda skeleton (Crypt:3)
  23 necromancers
  A wolf spider zombie (Crypt:1)
  13 ironbrand convokers
  10 hill giants
  10 mana vipers
  16 phantasmal warriors
  15 deep elf conjurers
  4 stone giant zombies
  14 orc knights
  An orc sorcerer (Orc:3)
  2 frost giant zombies
  A tengu skeleton (Vaults:3)
  A shadow dragon skeleton (Crypt:3)
  3 hornets
  4 human zombies
  41 ugly things
  3 cyclopes
  7 griffons
  A sphinx skeleton (Depths:1)
  17 salamanders
  5 sixfirhies
  17 elephants
  A manticore (D:11)
  24 moths of wrath
  8 wolf spiders
  An iron dragon skeleton (Crypt:3)
  A frost giant skeleton (Crypt:3)
  2 molten gargoyles (D:13)
  A stone giant skeleton (Crypt:1)
  3 guardian serpents (Snake:3)
  A fire giant skeleton (Crypt:3)
  4 rust devils
  A shock serpent zombie (Crypt:3)
  A guardian serpent (shapeshifter) (Vaults:1)
  Joseph (D:7)
  22 vault sentinels
  17 naga magi
  2 smoke demons
  32 spiny frogs
  52 black mambas
  A dire elephant skeleton (Crypt:3)
  2 gargoyles
  3 orange demons
  10 fire drakes
  2 yaktaurs (shapeshifter)
  89 yaktaurs
  A kobold demonologist (Vaults:1)
  A tormentor (D:9)
  A hellion (Abyss:1)
  A yaktaur zombie (Vaults:2)
  A redback zombie (Crypt:2)
  3 ancient zymes (Abyss:1)
  16 hellwings
  22 freezing wraiths
  2 demonic crawlers
  A guardian mummy (Crypt:3)
  4 jumping spiders
  A death drake zombie (Crypt:1)
  6 komodo dragons
  3 blue devils
  3 red devils
  4 tengu conjurers (D:15)
  5 trolls
  7 giant leeches
  A merfolk (Vaults:5)
  A merfolk (shapeshifter) (Vaults:5)
  A sphinx simulacrum (Vaults:2)
  16 deep elf priests
  A hydra zombie (Crypt:3)
  A wolf spider simulacrum (D:14)
  2 polar bears
  7 wind drakes (WizLab)
  9 two-headed ogres
  16 blink frogs
  31 slime creatures
  2 alligator zombies (Swamp:1)
  A hornet zombie (Swamp:1)
  2 ushabtiu (Crypt:3)
  10 bog bodies
  4 boulder beetles
  An ettin zombie (Crypt:3)
  8 flying skulls (Crypt:2)
  8 spriggans
  A vampire (D:14)
  2 spriggans (shapeshifter)
  A hog (shapeshifter) (Vaults:2)
  A yak (shapeshifter) (Depths:1)
  15 redbacks
  38 air elementals (WizLab)
  4 shadows
  A stone giant simulacrum (Vaults:2)
  8 wyverns
  An ettin skeleton (Crypt:3)
  11 small abominations
  3 hogs (Snake:1)
  44 deep elf fighters
  A tarantella (shapeshifter) (Vaults:3)
  14 water elementals
  A human (shapeshifter) (Depths:1)
  13 wraiths
  89 yaks
  A steam dragon (D:11)
  3 hungry ghosts
  11 basilisks
  31 deep elf magi
  24 humans
  2 chaos spawn
  A basilisk (shapeshifter) (Vaults:3)
  A steam dragon (shapeshifter) (Depths:1)
  A death yak simulacrum (IceCv)
  3 neqoxecs
  19 hippogriffs
  A mottled dragon (D:14)
  15 wargs
  The ghost of emikaela the Insei, an average OpMo (D:3)
  A soldier ant (D:14)
  A putrid demonspawn zombie (Crypt:2)
  A soldier ant (shapeshifter) (Vaults:3)
  20 wolves
  10 insubstantial wisps
  40 vampire mosquitoes
  A golden eye (shapeshifter) (Vaults:1)
  20 swamp worms
  15 water moccasins
  26 orc warriors
  A trapdoor spider simulacrum (D:14)
  19 swamp drakes
  11 porcupines
  13 ice beasts
  A hell hound (Lair:5)
  69 nagas
  A spiny frog zombie (Crypt:3)
  6 necrophages
  2 spiders (Crypt:3)
  An alligator simulacrum (IceCv)
  An eye of draining (shapeshifter) (D:13)
  30 ogres
  3 sky beasts
  4 phantoms
  2 black bears
  13 wasps
  21 centaurs
  A snapping turtle skeleton (Crypt:3)
  17 crocodiles
  2 human skeletons
  32 giant frogs
  Blork the orc (D:9)
  A brain worm (Abyss:1)
  2 wyvern zombies
  7 big kobolds
  5 scorpions
  10 wyvern skeletons (Crypt:3)
  A human simulacrum (Vaults:1)
  A polar bear zombie (Crypt:1)
  A water moccasin skeleton (D:9)
  3 killer bees (D:12)
  An elephant simulacrum (IceCv)
  A raiju skeleton (Crypt:1)
  13 wights
  14 electric eels
  5 lava snakes (D:13)
  5 crimson imps
  3 giant frog zombies
  5 draconian simulacra (IceCv)
  3 jellies
  10 hounds
  9 starcursed masses (Abyss:1)
  3 wyvern simulacra (D:14)
  5 centaur skeletons
  Crazy Yiuf (D:7)
  50 orc priests
  10 iguanas
  4 quasits
  Natasha (thrice) (D:2)
  2 iron imps (Abyss:1)
  36 orc wizards
  A spriggan simulacrum (IceCv)
  9 worker ants
  7 centaur simulacra
  A boulder beetle simulacrum (Vaults:1)
  A killer bee zombie (Crypt:2)
  4 polar bear simulacra
  28 sheep
  A crocodile zombie (Swamp:1)
  An ogre zombie (Crypt:1)
  4 troll simulacra (IceCv)
  6 yak simulacra (Lair:6)
  A demigod zombie (Crypt:2)
  A felid skeleton (Crypt:1)
  3 hound skeletons
  A hound zombie (D:9)
  51 river rats
  11 adders
  A swamp drake zombie (Swamp:1)
  4 naga simulacra (IceCv)
  3 ogre simulacra (IceCv)
  3 shadow imps
  20 white imps
  An ufetubus (Abyss:1)
  3 oozes
  3 adder skeletons
  An adder zombie (D:8)
  A worm (D:2)
  292 orcs
  15 bats
  A bat skeleton (D:6)
  4 giant cockroaches
  30 hobgoblins
  8 jackals
  26 kobolds
  2 quokkas
  2 giant geckos
  A giant gecko zombie (D:6)
  8 giant newts
  22 goblins
  A jackal zombie (D:8)
  5 rats
  2 river rat simulacra (Lair:6)
  3 crawling corpses
  A fungus (D:7)
  A lost soul (Crypt:2)
  2 plants (Lair:8)
  A starspawn tentacle (Abyss:1)
3165 creatures vanquished.

Vanquished Creatures (collateral kills)
  A deep elf sorcerer (Elf:3)
1 creature vanquished.

Vanquished Creatures (others)
  A draconian scorcher (Zot:3)
  An ironheart preserver (Vaults:2)
  A deep elf knight (Vaults:1)
  A deep elf conjurer (Vaults:2)
  A necromancer (Vaults:2)
  A wolf spider (Vaults:5)
  2 nagas (Snake:2)
  An ogre (Vaults:2)
  An orc wizard (Orc:4)
  A hell rat (Depths:1)
  A bush (Lair:8)
  A crawling corpse (Elf:3)
  15 eldritch tentacle segments (D:12)
  30 fungi
  7 lost souls
  47 plants
  7 starspawn tentacles (Abyss:1)
  299 starspawn tentacle segments (Abyss:1)
418 creatures vanquished.

Grand Total: 3584 creatures vanquished

Notes
Turn   | Place    | Note
--------------------------------------------------------------
     0 | D:1      | FIQ the Merfolk Wanderer began the quest for the Orb.
     0 | D:1      | FIQ set off with: a +2 spear, a +0 quarterstaff, a potion of lignification, a +0 robe, a bread ration
     0 | D:1      | Reached XP level 1. HP: 18/18 MP: 1/1
   122 | D:1      | Reached XP level 2. HP: 20/24 MP: 2/2
   342 | D:1      | Reached skill level 4 in Polearms
   633 | D:2      | Reached XP level 3. HP: 27/29 MP: 3/3
   794 | D:2      | Found a glowing golden altar of the Shining One.
   845 | D:2      | Reached skill level 5 in Polearms
  1130 | D:2      | Noticed Natasha
  1148 | D:2      | Killed Natasha
  1148 | D:2      | Reached XP level 4. HP: 15/35 MP: 4/4
  1355 | D:3      | Reached skill level 6 in Polearms
  1455 | D:3      | Reached XP level 5. HP: 33/41 MP: 5/5
  1561 | D:3      | Noticed emikaela's ghost (average OpMo)
  1599 | D:3      | Killed emikaela's ghost
  1599 | D:3      | Reached skill level 7 in Polearms
  1599 | D:3      | Reached XP level 6. HP: 47/47 MP: 6/6
  1723 | D:3      | Found a sparkling altar of Nemelex Xobeh.
  1811 | D:4      | Found a staircase to the Ecumenical Temple.
  1820 | Temple   | Entered the Ecumenical Temple
  2193 | D:4      | Reached skill level 8 in Polearms
  2468 | D:4      | Found Dufeipse's General Store.
  2475 | D:4      | Bought a potion of flight for 30 gold pieces
  2475 | D:4      | Bought a scroll of identify for 20 gold pieces
  2475 | D:4      | Bought a scroll of identify for 20 gold pieces
  2475 | D:4      | Bought a potion of heal wounds for 50 gold pieces
  2475 | D:4      | Bought a scroll of immolation for 35 gold pieces
  2475 | D:4      | Bought a scroll of silence for 75 gold pieces
  2515 | D:4      | Found an iron altar of Okawaru.
  2536 | D:4      | Reached skill level 5 in Dodging
  2543 | D:4      | Became a worshipper of Warmaster Okawaru
  2816 | D:4      | Found a shattered altar of Ashenzari.
  3184 | D:5      | Entered Level 5 of the Dungeon
  3197 | D:5      | Reached XP level 7. HP: 43/52 MP: 7/7
  3213 | D:5      | Reached skill level 9 in Polearms
  3378 | D:5      | Reached skill level 10 in Polearms
  3387 | D:5      | Found a shimmering altar of Xom.
  3588 | D:5      | Found a radiant altar of Vehumet.
  3779 | D:5      | Noticed Pikel
  3874 | D:5      | Killed Pikel
  3874 | D:5      | Acquired Okawaru's first power
  3874 | D:5      | Reached skill level 11 in Polearms
  3874 | D:5      | Reached XP level 8. HP: 29/58 MP: 8/8
  4050 | D:5      | Found a shimmering altar of Xom.
  4051 | D:5      | Found a shimmering altar of Xom.
  4051 | D:5      | Found a shimmering altar of Xom.
  4052 | D:5      | Found a shimmering altar of Xom.
  4272 | D:6      | Reached skill level 12 in Polearms
  4284 | D:6      | Found a shadowy altar of Dithmenos.
  4335 | D:6      | Reached skill level 1 in Invocations
  4377 | D:6      | Found an opulent altar of Gozag.
  4461 | D:6      | Reached XP level 9. HP: 27/65 MP: 8/10
  5430 | D:6      | Reached skill level 13 in Polearms
  6021 | D:7      | Noticed Joseph
  6040 | D:7      | Killed Joseph
  6040 | D:7      | Reached skill level 5 in Fighting
  6071 | D:7      | Found a stormy altar of Qazlal.
  6600 | D:7      | Noticed Crazy Yiuf
  6607 | D:7      | Killed Crazy Yiuf
  6672 | D:8      | Reached skill level 14 in Polearms
  6852 | D:8      | Found a staircase to the Lair.
  7164 | D:8      | Noticed a centaur skeleton
  7183 | D:8      | Killed a centaur skeleton
  7183 | D:8      | Reached XP level 10. HP: 73/76 MP: 13/13
  7195 | D:8      | Found a white marble altar of Elyvilon.
  7371 | D:9      | Found a staircase to the Orcish Mines.
  7418 | D:9      | Noticed Darkell's ghost (experienced MfBe)
  7458 | D:9      | Killed Darkell's ghost
  7606 | D:9      | Noticed Blork the orc
  7629 | D:9      | Killed Blork the orc
  7635 | D:9      | Found a deep blue altar of Sif Muna.
  7707 | D:9      | Reached skill level 10 in Dodging
  7707 | D:9      | Reached skill level 5 in Invocations
  7712 | D:9      | Noticed Erica
  7732 | D:9      | Killed Erica
  7732 | D:9      | Acquired Okawaru's second power
  7732 | D:9      | Reached skill level 15 in Polearms
  7801 | D:9      | Found a shattered altar of Ashenzari.
  7846 | D:9      | Found a burning altar of Makhleb.
  8067 | D:9      | Found a basalt altar of Yredelemnul.
  8246 | D:9      | Noticed Erolcha
  8264 | D:9      | Killed Erolcha
  8264 | D:9      | Received a gift from Okawaru
  8265 | D:9      | Got a dazzling glaive {god gift}
  8266 | D:9      | Identified the +9 glaive of Okawaru's Supremacy {freeze, +Fly rN+ MP+9 Str+4} (Okawaru gifted it to you on level 9 of the Dungeon)
  8503 | Lair:1   | Entered Level 1 of the Lair of Beasts
  8530 | Lair:1   | Reached XP level 11. HP: 82/84 MP: 15/15
  8546 | Lair:1   | Reached skill level 16 in Polearms
  8583 | Lair:1   | Found a frozen archway.
  8589 | IceCv    | Entered an ice cave
  8723 | IceCv    | Received a gift from Okawaru
  9008 | IceCv    | Found an ancient bone altar of Kikubaaqudgha.
  9150 | IceCv    | Noticed an ice statue
  9163 | IceCv    | Killed an ice statue
  9163 | IceCv    | Reached skill level 17 in Polearms
  9179 | IceCv    | Noticed a necromancer
  9200 | IceCv    | Killed a necromancer
  9388 | Lair:1   | Noticed Urug
  9404 | Lair:1   | Killed Urug
  9492 | Lair:1   | Reached XP level 12. HP: 77/94 MP: 17/17
  9495 | Lair:1   | Received a gift from Okawaru
  9533 | Lair:1   | Got a brightly glowing demon trident {god gift}
  9534 | Lair:1   | Identified the +2 demon trident "Amilynuf" {pierce, MR+ Int+2} (Okawaru gifted it to you on level 1 of the Lair of Beasts)
  9966 | Lair:2   | Reached skill level 10 in Fighting
  9985 | Lair:2   | Received a gift from Okawaru
 10092 | Lair:2   | Identified a scroll of acquirement
 10220 | Lair:2   | Noticed an eight-headed hydra
 10229 | Lair:2   | Killed an eight-headed hydra
 10815 | Lair:3   | Found a staircase to the Snake Pit.
 11425 | Lair:3   | Reached skill level 18 in Polearms
 11436 | Lair:3   | Reached XP level 13. HP: 93/106 MP: 19/19
 12324 | Lair:4   | Received a gift from Okawaru
 12730 | Lair:5   | Gained mutation: Your flesh is heat resistant. [potion of beneficial mutation]
 12768 | Lair:5   | Received a gift from Okawaru
 12774 | Lair:5   | Got a scorched bardiche {god gift}
 12775 | Lair:5   | Identified the +9 bardiche of Crawling {flame, rPois Dex+4} (Okawaru gifted it to you on level 5 of the Lair of Beasts)
 13063 | Lair:5   | Reached skill level 10 in Invocations
 13635 | Lair:5   | Found a staircase to the Swamp.
 13654 | Lair:5   | Received a gift from Okawaru
 13684 | Lair:5   | Got a crude bardiche {god gift}
 13685 | Lair:5   | Identified the +4 bardiche of Hatred {drain, MR+ Int+7} (Okawaru gifted it to you on level 5 of the Lair of Beasts)
 13892 | Lair:6   | Reached XP level 14. HP: 108/118 MP: 18/21
 14355 | Lair:6   | Reached skill level 19 in Polearms
 14511 | Lair:6   | Found a runed door.
 14511 | Lair:6   | Found a viscous altar of Jiyva.
 14511 | Lair:6   | Found a staircase to the Slime Pits.
 14759 | Lair:6   | You fall through a shaft for 2 floors!
 14759 | Lair:8   | Entered Level 8 of the Lair of Beasts
 14794 | Lair:8   | Received a gift from Okawaru
 15326 | Lair:7   | Reached skill level 15 in Dodging
 15993 | Lair:7   | Received a gift from Okawaru
 15999 | Lair:7   | Got a jewelled buckler {god gift}
 16000 | Lair:7   | Identified the +1 buckler of the Ecumenical Temple {rF+} (Okawaru gifted it to you on level 7 of the Lair of Beasts)
 16077 | Lair:7   | Noticed Snorg
 16085 | Lair:7   | Killed Snorg
 16672 | Lair:8   | Reached XP level 15. HP: 61/127 MP: 23/23
 16986 | Lair:8   | Got a smoking trident
 16987 | Lair:8   | Identified the +6 trident "Seveinuoxet" {flame, *Corrode rN+++ Int+6} (You found it on level 8 of the Lair of Beasts)
 17018 | Lair:8   | Reached skill level 15 in Fighting
 17570 | Lair:8   | Noticed Nessos
 17581 | Lair:8   | Killed Nessos
 17581 | Lair:8   | Received a gift from Okawaru
 18085 | Orc:1    | Entered Level 1 of the Orcish Mines
 18872 | Orc:2    | Noticed Rupert
 18886 | Orc:2    | Killed Rupert
 19607 | Orc:3    | Found Waereotua's Assorted Antiques.
 19643 | Orc:3    | Reached skill level 20 in Polearms
 19668 | Orc:3    | Found Nagunohu's Distillery.
 19680 | Orc:3    | Found Ysoachig's Weapon Emporium.
 19694 | Orc:3    | Bought a pair of slimy gloves for 275 gold pieces
 19696 | Orc:3    | Identified the +2 pair of gloves of Egalitarianism {*Corrode Str+5} (You bought it in a shop on level 3 of the Orcish Mines)
 20175 | Orc:4    | Entered Level 4 of the Orcish Mines
 20213 | Orc:4    | Found a staircase to the Elven Halls.
 20402 | Orc:4    | Found Cenam's Food Shoppe.
 20491 | Orc:4    | Found a roughly hewn altar of Beogh.
 21197 | Orc:4    | Found Jeil's Armour Shoppe.
 21197 | Orc:4    | Found Gaiveof's Antique Weapon Boutique.
 21234 | Orc:4    | Bought the +0 helmet of the Bulwark {rElec rN+ Int+2 Dex+4} for 423 gold pieces
 21303 | Orc:4    | Found Pefa's Weapon Boutique.
 21489 | D:10     | Entered Level 10 of the Dungeon
 22430 | D:11     | Noticed Josephine
 22437 | D:11     | Killed Josephine
 22437 | D:11     | Received a gift from Okawaru
 23687 | D:12     | Reached XP level 16. HP: 138/138 MP: 25/25
 24280 | D:13     | Gained mutation: Your muscles are strong. (Str +2) [mutagenic meat]
 24281 | D:13     | Gained mutation: You are agile. (Dex +2) [mutagenic meat]
 24483 | D:13     | Received a gift from Okawaru
 24757 | D:13     | Found a gate to the Vaults.
 25430 | D:14     | Received a gift from Okawaru
 25434 | D:14     | Got a scorched hat {god gift}
 25435 | D:14     | Identified the -6 hat of Kuimos {rElec rCorr Int-5} (Okawaru gifted it to you on level 14 of the Dungeon)
 25463 | D:14     | Noticed Frances
 25493 | D:14     | Killed Frances
 25700 | D:14     | Gained mutation: You heal slowly when monsters are visible. [mutagenic meat]
 25701 | D:14     | Gained mutation: Your muscles are very strong. (Str +4) [mutagenic meat]
 25702 | D:14     | Gained mutation: Your flesh is very heat resistant. [mutagenic meat]
 25703 | D:14     | Gained mutation: You can breathe flames. [mutagenic meat]
 25705 | D:14     | Gained mutation: Your spells are a little harder to cast, but a little more powerful. [mutagenic meat]
 25706 | D:14     | Gained mutation: You expend magic power (3 MP) to strengthen your wands. [mutagenic meat]
 25707 | D:14     | Lost mutation: You are agile. (Dex +2) [mutagenic meat]
 25708 | D:14     | Gained mutation: You can translocate small distances at will. [mutagenic meat]
 25710 | D:14     | Lost mutation: You expend magic power (3 MP) to strengthen your wands. [mutagenic meat]
 25767 | D:14     | Reached skill level 21 in Polearms
 26412 | D:15     | Entered Level 15 of the Dungeon
 26931 | D:15     | Received a gift from Okawaru
 27093 | D:15     | Found a staircase to the Depths.
 27679 | D:2      | Noticed Natasha
 27685 | D:2      | Killed Natasha
 27729 | D:2      | Noticed Natasha
 27732 | D:2      | Killed Natasha
 28063 | Elf:1    | Entered Level 1 of the Elven Halls
 29236 | Elf:1    | Reached skill level 1 in Armour
 29343 | Elf:1    | Reached XP level 17. HP: 76/147 MP: 24/27
 29493 | Elf:1    | Noticed Louise
 29495 | Elf:1    | Killed Louise
 29624 | Elf:1    | Received a gift from Okawaru
 29627 | Elf:1    | Got an ancient glaive {god gift}
 29637 | Elf:1    | Identified the +9 glaive of Wrongful Imprisonment {chop, rPois} (Okawaru gifted it to you on level 1 of the Elven Halls)
 30519 | Elf:2    | Found a runed gate.
 30519 | Elf:2    | Found a runed gate.
 30519 | Elf:2    | Found a runed gate.
 30906 | Elf:2    | Reached skill level 5 in Armour
 30928 | Elf:2    | Received a gift from Okawaru
 31032 | Elf:2    | Noticed Donald
 31047 | Elf:2    | Killed Donald
 31192 | Elf:3    | Entered Level 3 of the Elven Halls
 31230 | Elf:3    | Reached skill level 22 in Polearms
 31548 | Elf:3    | Received a gift from Okawaru
 31568 | Elf:3    | Learned a level 4 spell: Condensation Shield
 31988 | Elf:3    | Reached skill level 1 in Ice Magic
 32063 | Elf:3    | Reached XP level 18. HP: 129/156 MP: 29/29
 32521 | Elf:3    | Reached skill level 15 in Invocations
 32528 | Elf:3    | Received a gift from Okawaru
 32533 | Elf:3    | Got a faintly humming ring mail {god gift}
 32534 | Elf:3    | Identified the +4 ring mail of Temperance {rF+ Int+2} (Okawaru gifted it to you on level 3 of the Elven Halls)
 32608 | Elf:3    | Noticed a deep elf master archer
 32614 | Elf:3    | Killed a deep elf master archer
 32791 | Elf:3    | Noticed a deep elf blademaster
 32809 | Elf:3    | Killed a deep elf blademaster
 32809 | Elf:3    | Reached skill level 5 in Ice Magic
 32968 | Elf:3    | Noticed a deep elf blademaster
 32981 | Elf:3    | Killed a deep elf blademaster
 33051 | Elf:3    | Got a fine leather armour
 33139 | Elf:3    | Got a pair of faintly humming boots
 33150 | Elf:3    | Identified the +0 pair of boots "Xymp" {-Tele rF++} (You found it on level 3 of the Elven Halls)
 33167 | Elf:3    | Identified the +1 leather armour "Boalep" {rN++} (You took it off a deep elf fighter on level 3 of the Elven Halls)
 33216 | Elf:3    | Identified Sif Muna's Collected Works on Orientation (You found it on level 3 of the Elven Halls)
 33238 | Elf:3    | Noticed a deep elf master archer
 33634 | Elf:3    | Killed a deep elf master archer
 33634 | Elf:3    | Received a gift from Okawaru
 33635 | Elf:3    | Got a faintly glowing battleaxe {god gift}
 33636 | Elf:3    | Identified the +8 battleaxe "Ufokil" {chop, MR+ Dex+4 Stlth-} (Okawaru gifted it to you on level 3 of the Elven Halls)
 33875 | Elf:3    | Got a sparkling marble ring
 33877 | Elf:3    | Identified the ring of Guxzaz {+Blink rPois Int-2 Dex+2} (You took it off a deep elf fighter on level 3 of the Elven Halls)
 33951 | Elf:3    | Got a shimmering scale mail
 33962 | Elf:3    | Identified the +3 scale mail of the Nightingale {*Confuse rN++} (You found it on level 3 of the Elven Halls)
 34678 | Snake:1  | Entered Level 1 of the Snake Pit
 34766 | Snake:1  | Noticed Asterion
 34781 | Snake:1  | Killed Asterion
 35178 | Snake:1  | Received a gift from Okawaru
 35833 | Snake:1  | Noticed Aizul
 35847 | Snake:1  | Killed Aizul
 35847 | Snake:1  | Reached XP level 19. HP: 131/163 MP: 27/30
 36234 | Snake:1  | Noticed Kirke
 36254 | Snake:1  | Killed Kirke
 36428 | Snake:1  | Gained mutation: You possess an exceptional clarity of mind. [potion of beneficial mutation]
 37084 | Swamp:1  | Entered Level 1 of the Swamp
 37207 | Snake:2  | Noticed Nikola
 37223 | Snake:2  | Killed Nikola
 37258 | Snake:2  | Received a gift from Okawaru
 37272 | Snake:2  | Got a dazzling mottled dragon armour {god gift}
 37283 | Snake:2  | Identified the +3 mottled dragon armour of Heluor {rC+ MR+ Int-4} (Okawaru gifted it to you on level 2 of the Snake Pit)
 38416 | Snake:3  | Found Wivvya's Food Boutique.
 38478 | Snake:3  | Reached skill level 23 in Polearms
 38511 | Snake:3  | Received a gift from Okawaru
 38618 | Snake:3  | Reached skill level 10 in Ice Magic
 38661 | Snake:3  | Cast into the Abyss (naga)
 38668 | Abyss:1  | Found a corrupted altar of Lugonu.
 38668 | Abyss:1  | Noticed a bone dragon
 38679 | Abyss:1  | Killed a bone dragon
 38990 | Abyss:1  | Found a corrupted altar of Lugonu.
 39862 | Abyss:1  | Noticed a bone dragon
 39890 | Abyss:1  | Killed a bone dragon
 40047 | Abyss:1  | Reached XP level 20. HP: 153/172 MP: 32/32
 40096 | Snake:3  | Escaped the Abyss
 40624 | Snake:3  | Reached skill level 10 in Armour
 40994 | Snake:4  | Entered Level 4 of the Snake Pit
 40994 | Snake:4  | Found a shimmering altar of Xom.
 41606 | Snake:4  | Received a gift from Okawaru
 42163 | Snake:4  | Received a gift from Okawaru
 42296 | Snake:4  | Received a gift from Okawaru
 42303 | Snake:4  | Got an opalescent robe {god gift}
 42304 | Snake:4  | Identified the +1 robe of Okawaru's Outrage {rElec MP-9 Dex+7 Stlth+} (Okawaru gifted it to you on level 4 of the Snake Pit)
 42349 | Snake:4  | Got a serpentine rune of Zot
 44352 | Swamp:3  | Found a stormy altar of Qazlal.
 44822 | Swamp:4  | Entered Level 4 of the Swamp
 44908 | Swamp:4  | Reached XP level 21. HP: 180/180 MP: 33/33
 45061 | Swamp:4  | Received a gift from Okawaru
 45107 | Swamp:4  | Got a decaying rune of Zot
 46056 | Vaults:1 | Entered Level 1 of the Vaults
 46064 | Vaults:1 | Reached skill level 24 in Polearms
 46201 | Vaults:1 | Found Eryetzug's Book Shoppe.
 46213 | Vaults:1 | Bought a book of Frost for 385 gold pieces
 46217 | Vaults:1 | Learned a level 3 spell: Ozocubu's Armour
 47397 | Vaults:2 | Noticed Fv001's ghost (great GrFi)
 47418 | Vaults:2 | Killed Fv001's ghost
 47596 | Vaults:2 | Noticed Jory
 47605 | Vaults:2 | Killed Jory
 47605 | Vaults:2 | Received a gift from Okawaru
 47666 | Vaults:2 | Found a staircase to the Crypt.
 47666 | Vaults:2 | Found a basalt altar of Yredelemnul.
 47667 | Vaults:2 | Found an ancient bone altar of Kikubaaqudgha.
 48375 | Vaults:2 | Reached skill level 5 in Evocations
 48403 | Vaults:2 | Reached XP level 22. HP: 145/190 MP: 34/34
 48920 | Vaults:2 | Received a gift from Okawaru
 49090 | Vaults:2 | Got a pair of distressingly furry gloves
 49096 | Vaults:2 | Identified the +2 pair of gloves of Liberalism {+Inv Dex+7} (You found it on level 2 of the Vaults)
 50325 | Vaults:3 | Noticed Saint Roka
 50387 | Vaults:3 | Killed Saint Roka
 50394 | Vaults:3 | Received a gift from Okawaru
 50417 | Vaults:3 | Got a polished glaive {god gift}
 50418 | Vaults:3 | Identified the +5 glaive "Jeonot" {flame, *Confuse +Inv rN++} (Okawaru gifted it to you on level 3 of the Vaults)
 51164 | Vaults:3 | Reached skill level 15 in Ice Magic
 51175 | Vaults:3 | Received a gift from Okawaru
 51365 | Vaults:3 | Identified the Tome of the Evil Entourage (You found it on level 3 of the Vaults)
 51444 | Vaults:3 | Reached skill level 25 in Polearms
 51657 | Vaults:4 | Found Etzablex's General Store.
 51726 | Vaults:4 | Found a magical portal.
 51735 | WizLab   | Entered The Chambers of Utisurr the Cloud Mage
 51827 | WizLab   | Reached XP level 23. HP: 197/197 MP: 36/36
 52085 | WizLab   | Identified the Papyrus of Lightness and Arcane Weapons (You found it in a wizard's laboratory)
 52087 | WizLab   | Identified the Incunabulum of Lethal Lightness (You found it in a wizard's laboratory)
 52091 | WizLab   | Learned a level 2 spell: Repel Missiles
 52350 | Vaults:4 | Received a gift from Okawaru
 52355 | Vaults:4 | Got a heavily runed shield {god gift}
 52356 | Vaults:4 | Identified the +0 shield "Weoh" {Stlth+} (Okawaru gifted it to you on level 4 of the Vaults)
 53298 | Vaults:5 | Entered Level 5 of the Vaults
 53991 | Vaults:5 | Received a gift from Okawaru
 54307 | Vaults:5 | Noticed an ancient lich
 54323 | Vaults:5 | Killed an ancient lich
 54637 | Vaults:5 | Reached XP level 24. HP: 144/206 MP: 36/36
 54843 | Vaults:5 | Received a gift from Okawaru
 54856 | Vaults:5 | Got a steaming plate armour {god gift}
 54857 | Vaults:5 | Identified the +4 plate armour of Winter {rN+ Str-3 SInv} (Okawaru gifted it to you on level 5 of the Vaults)
 55198 | Vaults:5 | Found Wouky's Jewellery Emporium.
 55219 | Vaults:5 | Lost mutation: Your muscles are very strong. (Str +4) [a shining eye]
 55220 | Vaults:5 | Gained mutation: You are clumsy. (Dex -2) [a shining eye]
 55265 | Vaults:5 | Bought the amulet of Xathegaa {rMut Str+7} for 925 gold pieces
 55271 | Vaults:5 | Got a jewelled scale mail
 55272 | Vaults:5 | Identified the +3 scale mail of Leaves {+Blink Str+6} (You found it on level 5 of the Vaults)
 55795 | Vaults:5 | Got a silver rune of Zot
 56262 | Vaults:5 | Received a gift from Okawaru
 56302 | Vaults:5 | Got a bound ivory ring
 56303 | Vaults:5 | Identified the ring "Irao" {-Tele rC+ Dex+8} (You found it on level 5 of the Vaults)
 56917 | Crypt:1  | Entered Level 1 of the Crypt
 56917 | Crypt:1  | Noticed Boris
 56917 | Crypt:1  | Noticed Frederick
 56926 | Crypt:1  | Killed Frederick
 56939 | Vaults:2 | Killed Boris
 56939 | Vaults:2 | Reached skill level 26 in Polearms
 58222 | Crypt:1  | Reached skill level 10 in Evocations
 58453 | Crypt:2  | Noticed Sojobo
 58468 | Crypt:2  | Killed Sojobo
 58480 | Crypt:2  | Reached XP level 25. HP: 173/214 MP: 36/36
 59045 | Crypt:3  | Entered Level 3 of the Crypt
 59278 | Crypt:3  | Found an ancient bone altar of Kikubaaqudgha.
 59282 | Crypt:3  | Received a gift from Okawaru
 59431 | Crypt:3  | Noticed an ancient lich
 59431 | Crypt:3  | Noticed an ancient lich
 60160 | Crypt:3  | Reached skill level 15 in Armour
 61376 | Crypt:3  | Found a staircase to the Tomb.
 61428 | Crypt:3  | Got a glittering bronze ring
 61428 | Crypt:3  | Got a glittering silver ring
 61428 | Crypt:3  | Got a twitching lead ring
 61430 | Crypt:3  | Identified the ring of Xom's Best Wishes {rElec rN+ Dex+7 SInv} (You found it on level 3 of the Crypt)
 61432 | Crypt:3  | Identified the ring "Kets" {rN+ Str+4} (You found it on level 3 of the Crypt)
 61434 | Crypt:3  | Identified the ring of the Spirits {+Fly rPois rF- rN+ Dex+5} (You found it on level 3 of the Crypt)
 61568 | Crypt:3  | Killed an ancient lich
 61577 | Crypt:3  | Killed an ancient lich
 61960 | Crypt:3  | Got a transparent wooden ring
 61966 | Crypt:3  | Identified the ring of Toef Mic {rF+ Int+3 Stlth-} (You found it on level 3 of the Crypt)
 62138 | Crypt:3  | Received a gift from Okawaru
 62534 | Depths:1 | Entered Level 1 of the Depths
 62932 | Depths:1 | Received a gift from Okawaru
 62937 | Depths:1 | Got a distressingly furry crystal plate armour {god gift}
 62938 | Depths:1 | Identified the +0 crystal plate armour "Wyah" {rF+ Int+3} (Okawaru gifted it to you on level 1 of the Depths)
 63097 | Depths:1 | Found a runed gate.
 63098 | Depths:1 | Found a runed gate.
 63141 | Depths:1 | Reached XP level 26. HP: 214/224 MP: 36/36
 63792 | Depths:1 | Found a runed gate.
 63820 | Depths:1 | Found a gateway to Hell.
 63940 | Depths:1 | Got a steaming arbalest
 63941 | Depths:1 | Identified the +2 arbalest "Iwnumum" {elec, MP+9 Int+2} (You found it on level 1 of the Depths)
 63984 | Depths:1 | Found a one-way gate to the infinite horrors of the Abyss.
 64173 | Depths:1 | Got a polished cloak
 64174 | Depths:1 | Identified the +0 cloak of Distant Worlds {rPois Str-4 Dex+4 Stlth+} (You found it on level 1 of the Depths)
 64394 | Depths:2 | Found a one-way gate leading to the halls of Pandemonium.
 64401 | Depths:2 | Gained mutation: You are very clumsy. (Dex -4) [a neqoxec]
 64409 | Depths:2 | Reached skill level 27 in Polearms
 64756 | Depths:2 | Got a fine halberd
 64757 | Depths:2 | Identified the +3 halberd of Income {vamp, MR- Int+3 Dex+3} (You found it on level 2 of the Depths)
 65200 | Depths:2 | Received a gift from Okawaru
 65201 | Depths:2 | Got a faintly glowing bardiche {god gift}
 65202 | Depths:2 | Identified the +7 bardiche of Deformation {drain, MR++ Int+3 Dex-2} (Okawaru gifted it to you on level 2 of the Depths)
 65370 | Depths:2 | Found Zucsieme's Assorted Antiques.
 65378 | Depths:2 | Bought a potion of invisibility for 336 gold pieces
 65378 | Depths:2 | Bought a potion of brilliance for 168 gold pieces
 65378 | Depths:2 | Bought a scroll of identify for 84 gold pieces
 65378 | Depths:2 | Bought 2 scrolls of identify for 168 gold pieces
 65378 | Depths:2 | Bought a scroll of holy word for 315 gold pieces
 65378 | Depths:2 | Bought a scroll of identify for 84 gold pieces
 65378 | Depths:2 | Bought a scroll of remove curse for 126 gold pieces
 65378 | Depths:2 | Bought a scroll of identify for 84 gold pieces
 66555 | Depths:3 | Received a gift from Okawaru
 67147 | Depths:3 | Got a sparkling platinum ring
 67149 | Depths:3 | Identified the ring "Ponkon" {+Fly Str+3 Int+3 Dex+3 SInv} (You took it off a rakshasa on level 3 of the Depths)
 67401 | Depths:4 | Reached XP level 27. HP: 220/231 MP: 37/37
 68272 | Depths:5 | Entered Level 5 of the Depths
 68759 | Depths:5 | Found a gate to the Realm of Zot.
 69171 | Depths:5 | Received a gift from Okawaru
 69237 | Depths:5 | Found a gateway to a ziggurat.
 69530 | Zot:1    | Entered Level 1 of the Realm of Zot
 69918 | Zot:1    | Received a gift from Okawaru
 71183 | Zot:3    | Received a gift from Okawaru
 71593 | Zot:3    | Got a crude fire dragon armour
 71594 | Zot:3    | Identified the +7 fire dragon armour of Quantum Leap {rPois rF++ rC- MR+ Int-2} (You found it on level 3 of the Realm of Zot)
 72105 | Zot:4    | Noticed an orb of fire
 72120 | Zot:4    | Noticed an orb of fire
 72121 | Zot:4    | Killed an orb of fire
 72132 | Zot:4    | Killed an orb of fire
 73120 | Zot:5    | Entered Level 5 of the Realm of Zot
 73235 | Zot:5    | Received a gift from Okawaru
 73254 | Zot:5    | Got a pair of faintly glowing gloves {god gift}
 73255 | Zot:5    | Identified the +1 pair of gloves of Somewhere Else {rF+ Slay+3} (Okawaru gifted it to you on level 5 of the Realm of Zot)
 73371 | Zot:5    | Noticed an ancient lich
 73377 | Zot:5    | Killed an ancient lich
 73438 | Zot:5    | Noticed an orb of fire
 73459 | Zot:5    | Killed an orb of fire
 73465 | Zot:5    | Reached skill level 15 in Evocations
 73525 | Zot:5    | Noticed an orb of fire
 73544 | Zot:5    | Lost mutation: Your muscles are strong. (Str +2) [an orb of fire]
 73546 | Zot:5    | Killed an orb of fire
 74198 | Zot:5    | Noticed an orb of fire
 74211 | Zot:5    | Killed an orb of fire
 74218 | Zot:5    | Received a gift from Okawaru
 74249 | Zot:5    | Identified a +2 pair of boots of running (Okawaru gifted it to you on level 5 of the Realm of Zot)
 74290 | Zot:5    | Noticed an orb of fire
 74316 | Zot:5    | Killed an orb of fire
 74478 | Zot:5    | Noticed an ancient lich
 74949 | Zot:5    | Killed an ancient lich
 75385 | Zot:5    | Got a bloodstained plate armour
 75386 | Zot:5    | Identified the +14 plate armour "Koddogy" {rPois Int+2} (You found it on level 5 of the Realm of Zot)
 75528 | Zot:5    | Noticed an orb of fire
 75547 | Zot:5    | Killed an orb of fire
 75713 | Zot:5    | Got the Orb of Zot
 76125 | Depths:1 | Noticed Meipem the pandemonium lord
 76139 | Depths:1 | Killed Meipem the pandemonium lord
 76380 | D:12     | Noticed Xym Exef the pandemonium lord
 76390 | D:12     | Killed Xym Exef the pandemonium lord
 76660 | D:9      | Noticed Dikifank the pandemonium lord
 76663 | D:9      | Killed from afar by a daeva

Vault maps used:
D:1:      dpeg_arrival_leaves_temple_mockup, minivault_19,
          hangedman_abyss_or_decor_lesser_grid
D:2:      tso_metal_star, uniq_natasha
D:3:      lemuel_round_altar, first_bread
D:4:      kennysheep_mini, okawaru_metal_pillars_3, minmay_temple_entry_glass,
          serial_shops, nicolae_shop_temple_entry_statues_fountains,
          nrook_mini_vaults
D:5:      xom_redecorated, nicolae_overflow_crystal_walls, uniq_pikel
D:6:      old_standard_altar, nicolae_dithmenos_the_darkroom
D:7:      nicolae_qazlal_style_of_elements, uniq_crazy_yiuf_cottage, uniq_joseph
D:8:      lemuel_upstairs_altar, kennysheep_little_box, lair_0_dummy
D:9:      tgw_sif, kennysheep_mini_moat, lemuel_crystal_altar, david_orc_2,
          basic_altar, uniq_erica, uniq_erolcha
D:11:     uniq_josephine
D:12:     blue_anna_alchemist
D:13:     cheibrodos_magma_flow, grunt_vaults_entry_tiered
D:14:     serial_ice, serial_ice_e, serial_ice_b, serial_ice_j, serial_ice_d,
          serial_ice_h, serial_ice_o, serial_ice_f, special_room, uniq_frances
D:15:     grunt_enter_depths_hoard, serial_park_paths, minivault_24,
          serial_park_tiny_2
Temple:   minmay_temple_curvy_8
Lair:1:   portal_ice_cave_entry_pillars_01, grunt_forest_large_clearing_hut,
          uniq_urug
Lair:2:   beast_lair_carwin_large_4, minmay_lair_oklob_bushes, uniq_gastronok
Lair:3:   guppyfry_snake_entry_island
Lair:4:   minivault_25, hangedman_lair_generics_rect
Lair:5:   minmay_swamp_entry_worms, special_room, infiniplex_staircase_pool_2
Lair:6:   slime_altar_2, eino_house_with_fridge, grunt_megastairs_3
Lair:7:   forest_entry_grove, wad_woods_river_01, serial_bayou_shore_b,
          grunt_megastairs_2, infiniplex_staircase_pool, lemuel_fruit_tree,
          serial_bayou_shore_a, uniq_snorg
Lair:8:   minmay_lair_end_frog_pond, minmay_hedge_maze, uniq_nessos
Swamp:1:  nicolae_swamp_little_tower, ldierk_geyser, swamp_pool5,
          nicolae_swamp_necromancer_hut
Swamp:2:  evilmike_swamp_ruin_house_5, swamp_pool1
Swamp:3:  nicolae_swamp_godswood
Swamp:4:  swamp_alternative, swamp_pool1
Snake:1:  uniq_aizul, uniq_kirke, uniq_asterion
Snake:2:  grunt_ministairs_5, uniq_nikola
Snake:3:  serial_shops, shop, serial_bayou_pond_d
Snake:4:  minmay_snake_end_coiled, basic_altar, serial_bayou_ford_a,
          nicolae_snake_double_loop
Orc:2:    cheibrodos_orc_bank, uniq_rupert
Orc:3:    nicolae_orc_pool_cavern, nicolae_orc_rockfall, guppyfry_orc_lava_fort
Orc:4:    st_orc_town, lightli_orcish_oven
Elf:1:    orc_legates, uniq_louise
Elf:2:    wad_floor_pattern_untrapped, uniq_donald
Elf:3:    grunt_elf_hall_diamonds, guppyfry_library_mini
Vaults:1: ontoclasm_vaults_pinch, vaults_dpeg_diagonal, hangedman_vaults_locks,
          ontoclasm_vaults_chip, v_rooms_4, vaults_room_grunt_arrival_ludios,
          nicolae_vaults_statue_guard, ontoclasm_vaults_bender, v_misc_2,
          vaults_room_door_ring, ontoclasm_vaults_ring_small, v_pattern_3,
          vaults_room_door_ring, serial_shops, shop
Vaults:2: st_greater_box_1, nicolae_vaults_alarming,
          minmay_crypt_entry_necro_gods, v_misc_9, grunt_vaults_diagonal,
          v_misc_10, vaults_room_door_hall, v_misc_15, vaults_room_pools,
          v_rooms_3, uniq_jory
Vaults:3: vaults_mumra_chevron, v_misc_27, hangedman_vaults_nails,
          v_alt_pattern_3, st_greater_box_2, nicolae_vaults_little_squares_3,
          v_misc_16, v_misc_13, uniq_saint_roka
Vaults:4: ontoclasm_vaults_eye, v_alt_pattern_1, nicolae_vaults_rhombus_6,
          grunt_vaults_twisty, v_misc_14, dpeg_vaults_monster_row,
          hangedman_vaults_stagger, nicolae_vaults_shelves_hall,
          nicolae_vaults_gold_heap, hangedman_vaults_trim, mu_enter_wizlab_5,
          serial_shops, shop
Vaults:5: serial_shops
Crypt:1:  serial_sigils_hangedman_gut, uniq_boris, uniq_frederick
Crypt:2:  glass_columns_c, st_stairs_3, uniq_sojobo
Crypt:3:  evilmike_haunted_forest
Depths:1: hangedman_decor_points, abyss_entry_small_statue_room,
          grunt_mini_vestibule, wad_floor_pattern_2, pandoras_box_mu,
          kennysheep_random_hallway
Depths:2: cell_vault, rand_demon_pan_entry_8, hangedman_decor_peaks_small,
          hell_entry, serial_shops, nicolae_shop_overgrown_old_shop,
          minmay_staircase_bubble
Depths:3: evilmike_hourglass, hangedman_abyss_or_decor_stagger, pan_entry,
          hell_entry
Depths:4: thingy_vault, pf_hell_entry_tar_spiral, kennysheep_flooded_box,
          nicolae_abyss_entry_one_way_or_another, firewood_loft
Depths:5: evilmike_zot_entry_hall, ziggurat_fallback, hell_entry,
          serial_bayou_pond_d, basic_stair_grate_trap
Zot:3:    circus_mu, st_single_dragon_hoard_2, st_single_dragon_hoard_4
Zot:5:    bh_zot_ikea_curve, st_stairs_8
Abyss:1:  hangedman_cross_veins
IceCv:    ice_cave_small_necro
WizLab:   wizlab_cloud

Action                   |  1- 3 |  4- 6 |  7- 9 | 10-12 | 13-15 | 16-18 | 19-21 | 22-24 | 25-27 || total
-------------------------+-------+-------+-------+-------+-------+-------+-------+-------+-------++-------
Melee: Spear             |   105 |   172 |   355 |       |       |       |       |       |       ||   632
       Trident           |       |       |   222 |   334 |       |       |       |       |       ||   556
       Glaive            |       |       |       |   457 |  1523 |    45 |       |       |       ||  2025
       Demon trident     |       |       |       |     5 |    31 |       |       |       |       ||    36
       Bardiche          |       |       |       |       |    19 |  1086 |  1568 |  1506 |  2865 ||  7044
 Cast: Condensation Shie |       |       |       |       |       |       |     1 |     1 |     1 ||     3
Invok: Heroism           |       |       |     5 |    11 |    15 |    25 |    27 |    24 |    24 ||   131
       Finesse           |       |       |       |     6 |     8 |     7 |     1 |     2 |     3 ||    27
 Abil: Blink             |       |       |       |       |       |       |     1 |     1 |       ||     2
Evoke: Deck              |       |       |       |     5 |       |     4 |     7 |    23 |       ||    39
       Wand              |       |       |       |       |     2 |       |     2 |     1 |       ||     5
  Use: Scroll            |     5 |     5 |     2 |     6 |    15 |    17 |    18 |    17 |    11 ||    96
       Potion            |     3 |     3 |     4 |     2 |     2 |     6 |     6 |     2 |     5 ||    33
 Stab: Sleeping          |     4 |       |       |     2 |     1 |       |    18 |    15 |       ||    40
       Distracted        |     1 |       |       |     1 |     2 |     1 |    14 |     7 |     3 ||    29
       Petrified         |       |       |       |       |     2 |       |       |       |       ||     2
       Invisible         |       |       |       |       |       |     8 |       |       |       ||     8
       Confused          |       |       |       |       |       |       |     1 |       |       ||     1
  Eat: Chunk             |     1 |     4 |    11 |    11 |    42 |    45 |    10 |    17 |    22 ||   163
       Meat ration       |       |     1 |       |       |       |       |       |       |       ||     1
       Bread ration      |       |       |       |     1 |       |       |       |       |     2 ||     3
       Fruit             |       |       |       |       |       |    12 |    17 |    15 |    25 ||    69
       Beef jerky        |       |       |       |       |       |     4 |     3 |     2 |     3 ||    12
       Royal jelly       |       |       |       |       |       |       |     3 |     1 |     1 ||     5
       Pizza             |       |       |       |       |       |       |     2 |     1 |     3 ||     6
